 Dungeon Crawl Stone Soup version bcrawl-1.31.4 (webtiles) character file.

Game seed: 3222920860131771563

157081 Morbidden the Ducker (level 5, 24/42 HPs)
             Began as a Draconian Archaeologist on June 9, 2021.
             Quit the game on level 4 of the Dungeon.
             The game lasted 00:03:59 (2411 turns).

Morbidden the Ducker (Draconian Archaeologist)      Turns: 2411, Time: 00:03:59

Health: 24/42      AC:  9    Str: 13    XL:     5   Next: 32%
Magic:  5/5        EV: 13    Int: 14    God:
Gold:   189        SH:  0    Dex: 11    Spells: 4/4 levels left

rFire    . . .     SeeInvis .   a - +1 whip
rCold    . . .     Gourm    .   (no shield)
rNeg     . . .     Faith    .   (armour unavailable)
rPois    .         Spirit   .   c - +1 hat
rElec    +         Reflect  .   (no cloak)
rCorr    .         Harm     .   u - +0 pair of gloves
MR       .....                  d - +1 pair of boots
Stlth    ++........             (no amulet)
HPRegen  0.14/turn              m - ring of insulation
MPRegen  0.09/turn              (no ring)

@: no status effects
A: unfitting armour, talons 1, cold-blooded, MP-powered wands, AC +5
a: no special abilities


You were on level 4 of the Dungeon.
You were not hungry.

You visited 1 branch of the dungeon, and saw 4 of its levels.

You collected 189 gold pieces.

Inventory:

Hand Weapons
 a - a +1 whip (weapon)
 b - a +0 blowgun
Missiles
 h - 5 curare-tipped needles
Armour
 c - a +1 hat (worn)
 d - a +1 pair of boots (worn)
 u - a +0 pair of gloves (worn)
Jewellery
 j - an uncursed amulet of the acrobat
 m - a ring of insulation (left hand)
Wands
 k - a wand of polymorph (2)
Scrolls
 f - a scroll of magic mapping
 i - 4 scrolls of identify
 n - a scroll of amnesia
 p - a scroll of remove curse
 q - a scroll of blinking {unknown}
 t - a scroll of enchant weapon
Potions
 l - a potion of agility {unknown}
 o - a potion of curing
 s - a potion of mutation
Comestibles
 e - 2 rations {!d}


   Skills:
 * Level 2.3 Fighting
 + Level 2.7 Maces & Flails
 * Level 4.2 Dodging
 + Level 3.5 Stealth


You had 4 spell levels left.
You didn't know any spells.
Your spell library was empty.

Dungeon Overview and Level Annotations

Branches:
Dungeon (4/12)             Temple (0/1) D:4

Altars:

Annotations:
D:3 Jessica, Sigmund


Innate Abilities, Weirdness & Mutations

Your plain brown scales are hard. (AC +5)
You cannot fit into any form of body armour.
You are cold-blooded and may be slowed by cold attacks.
You have sharp toenails.
You expend magic power (3 MP) to strengthen your wands.


Message History

Acquire which item? (Press ! for descriptions.) A: +6 arbalest of velocity; B: +2 pair of boots "Dako" {Str+4} C: ring of the Devil {rElec rPois rF++ Str-3 Stlth++} D: manual of Fire Magic; E: staff of wizardry; F: wand of clouds (8) G: 8 rations; H: 1249 gold pieces This will waste the scroll!
Really cancel your acquirement? (Y/N) Acquire which item? (Press ! for descriptions.) A: +6 arbalest of velocity; B: +2 pair of boots "Dako" {Str+4} C: ring of the Devil {rElec rPois rF++ Str-3 Stlth++} D: manual of Fire Magic; E: staff of wizardry; F: wand of clouds (8) G: 8 rations; H: 1249 gold pieces This will waste the scroll!
Really cancel your acquirement? (Y/N) Cancelling acquirement.
No path to travel!
No path to travel!
Are you sure you want to abandon this character and quit the game? (Confirm with "yes".)
Okay, then.
Unknown command.
Unknown command.
Are you sure you want to abandon this character and quit the game? (Confirm with "yes".)

#...### ##.<.##
###....###.#.#.###
#...##.#............
#.### #.#.#.#.###.#
..# #.##....# .#
.#####.#.###.#.###.#
.......#.# ###[....#
...#####.# ###.###
...# .^. #@# .#.#
### #.# ..... #)#
##.### ..# ... ####
.## # .# .#


There were no monsters in sight!

Vanquished Creatures
  A centaur (D:4)
  A crimson imp (D:4)
  An adder (D:2)
  2 worms
  3 dart slugs
  2 leopard geckos
  4 orcs
  3 goblins
  3 hobgoblins
  5 jackals
  2 quokkas (D:2)
  2 ball pythons
  A frilled lizard (D:3)
  6 kobolds
  6 rats
42 creatures vanquished.

Notes
Turn   | Place    | Note
-------+----------+-------------------------------------------
     0 | D:1      | Morbidden the Draconian Archaeologist began the quest for
                  | the Orb.
     0 | D:1      | Reached XP level 1. HP: 16/16 MP: 1/1
   389 | D:1      | Reached skill level 3 in Dodging
   389 | D:1      | Reached XP level 2. HP: 21/23 MP: 2/2
   771 | D:2      | Reached XP level 3. HP: 22/28 MP: 3/3
  1734 | D:3      | Gained mutation: You have sharp toenails. [potion of
                  | mutation]
  1734 | D:3      | Gained mutation: You expend magic power (3 MP) to
                  | strengthen your wands. [potion of mutation]
  1760 | D:3      | Noticed Sigmund
  1761 | D:3      | Noticed Jessica
  1800 | D:4      | Found a staircase to the Ecumenical Temple.
  2109 | D:4      | Reached XP level 4. HP: 22/36 MP: 4/4
  2394 | D:4      | Noticed a centaur
  2406 | D:4      | Killed a centaur
  2407 | D:4      | Reached skill level 4 in Dodging
  2407 | D:4      | Reached XP level 5. HP: 24/42 MP: 5/5
  2407 | D:4      | Identified a scroll of acquirement
  2408 | D:4      | Identified the +2 pair of boots "Dako" {Str+4} (You
                  | acquired it on level 4 of the Dungeon)
  2408 | D:4      | Identified the ring of the Devil {rElec rPois rF++ Str-3
                  | Stlth++} (You acquired it on level 4 of the Dungeon)
  2411 | D:4      | Quit the game

Skill      XL: |  1  2  3  4 |
---------------+-------------+-----
Dodging        | 3 4 |  4.2
Maces & Flails | 2 |  2.7
Fighting       | 2 |  2.3
Stealth        | |  3.5

Action                   |  1- 3 |  4- 6 || total
-------------------------+-------+-------++-------
Melee: Whip              |   259 |    24 ||   283
       Tailslap          |    21 |     1 ||    22
       Blowgun           |       |     1 ||     1
 Fire: Blowgun           |     1 |       ||     1
  Use: Scroll            |    10 |     1 ||    11
       Potion            |     3 |       ||     3
 Stab: Sleeping          |     6 |       ||     6
  Eat: Chunk             |     9 |       ||     9
       Ration            |       |     1 ||     1
Armor: Skin              |    96 |    14 ||   110
Dodge: Dodged            |   186 |    19 ||   205
